 Dungeon Crawl Stone Soup version 0.23.2-33-g5129a83184 (webtiles) character file.

Game seed: 15360680718351475314

631 Derp the Slasher (level 7, -1/52 HPs)
             Began as a Demonspawn Gladiator on July 23, 2019.
             Was an Initiate of Okawaru.
             Slain by a sky beast (6 damage)
             ... on level 4 of the Dungeon.
             The game lasted 00:10:10 (4720 turns).

Derp the Slasher (Demonspawn Gladiator)             Turns: 4720, Time: 00:10:12

Health: -1/52      AC:  5    Str: 16    XL:     7   Next: 24%
Magic:  7/7        EV: 13    Int: 10    God:    Okawaru [......]
Gold:   240        SH:  0    Dex: 14    Spells: 6/6 levels left

rFire    . . .     SeeInvis .   a - +0 long sword
rCold    . . .     Gourm    .   (no shield)
rNeg     . . .     Faith    .   b - +0 leather armour
rPois    .         Spirit   .   (helmet restricted)
rElec    .         Reflect  .   (no cloak)
rCorr    .         Harm     .   (no gloves)
MR       .....                  (no boots)
Stlth    ++........             (no amulet)
HPRegen  0.17/turn              (no ring)
MPRegen  0.10/turn              (no ring)

@: no status effects
A: antennae 2, yellow scales 1, demonic guardian 1
a: Renounce Religion


You were on level 4 of the Dungeon.
You worshipped Okawaru.
Okawaru was noncommittal.
You were not hungry.

You visited 1 branch of the dungeon, and saw 5 of its levels.

You collected 240 gold pieces.

Inventory:

Hand Weapons
 a - a +0 long sword (weapon)
Missiles
 d - 3 throwing nets (quivered)
Armour
 b - a +0 leather armour (worn)
 c - a +0 helmet
 o - a +0 cloak
 D - a cursed +0 helmet
Jewellery
 i - an uncursed amulet of guardian spirit {unknown}
 s - a +3 ring of evasion {unknown}
 w - a cursed ring of attention {unknown}
 x - an uncursed ring of protection from magic {unknown}
Wands
 C - a wand of iceblast (5)
Scrolls
 e - 2 scrolls of random uselessness {unknown}
 j - 3 scrolls of remove curse {unknown}
 k - 2 scrolls of magic mapping {unknown}
 l - a scroll of fog {unknown}
 m - 5 scrolls of identify {unknown}
 p - 2 scrolls of enchant weapon {unknown}
 q - 3 scrolls of blinking {unknown}
 u - a scroll of fear {unknown}
 y - 2 scrolls of amnesia {unknown}
 B - 3 scrolls of noise {unknown}
 E - 2 scrolls of teleportation {unknown}
Potions
 g - 2 potions of heal wounds
 h - a potion of invisibility {unknown}
 n - a potion of might {unknown}
 r - a potion of magic {unknown}
 t - a potion of curing
 v - a potion of degeneration {unknown}
 z - a potion of haste {unknown}
 A - a potion of lignification {unknown}
 F - a potion of ambrosia {unknown}
Comestibles
 f - 9 rations


   Skills:
 + Level 3.6 Fighting
 + Level 5.8 Long Blades
 + Level 1.8 Throwing
 + Level 2.3 Armour
 + Level 3.5 Dodging
 + Level 1.8 Stealth


You had 6 spell levels left.
You didn't know any spells.
Your spell library was empty.

Dungeon Overview and Level Annotations

Branches:
Dungeon (5/15)             Temple (0/1) D:4

Altars:
Kikubaaqudgha
Makhleb
Okawaru
Trog
Uskayaw


Innate Abilities, Weirdness & Mutations

You have a pair of antennae on your head.
You are partially covered in yellow scales. (AC +2)
A weak demonic guardian rushes to your aid.


Message History

The sky beast hits you.
* * * LOW HITPOINT WARNING * * *
The sky beast shocks you.
* * * LOW HITPOINT WARNING * * *
You closely miss the sky beast.
The sky beast is severely wounded.
Your white imp closely misses the sky beast.
The sky beast closely misses you.
You closely miss the sky beast.
The sky beast is severely wounded.
Your white imp hits the sky beast but does no damage.
The sky beast hits your white imp but does no damage.
You closely miss the sky beast.
The sky beast is severely wounded.
Your white imp hits the sky beast.
Your white imp freezes the sky beast.
Your quasit barely misses the sky beast. x2
Your quasit claws the sky beast.
The sky beast hits you.
* * * LOW HITPOINT WARNING * * *
The sky beast shocks you.
You die...

#.# ##'#######.[.... #.#
#.#######...... #.#
#.#.....'..>...
##.#########.#.#####......
#............#.# #........
############.#.###..#'####
#...........#..#.#
#.#...#.#.#.#..#.#
#.#.@.5...#.#..#.#
#.##5Y#........#.#
#.##..#...#.#.##.#
#.##..#.#.#.#.##.#
#.#...###.#.#.##.#
#.#.#.....#.#.##.#
#.........#.#.##.#
###.#####.#.#.##.#
#.#<..#.#.#.##.#


You could see a sky beast, a friendly quasit and a friendly white imp.

Vanquished Creatures
  Grinder (D:3)
  2 iguanas
  4 worker ants (D:4)
  9 gnolls
  10 adders
  2 oozes
  5 worms
  3 dart slugs
  4 leopard geckos
  2 orcs
  9 bats
  7 giant cockroaches
  4 goblins
  10 hobgoblins
  3 jackals (D:2)
  2 quokkas (D:3)
  2 ball pythons
  5 frilled lizards
  10 kobolds
  10 rats
104 creatures vanquished.

Notes
Turn   | Place    | Note
-------+----------+-------------------------------------------
     0 | D:1      | Derp the Demonspawn Gladiator began the quest for the Orb.
     0 | D:1      | Reached XP level 1. HP: 16/16 MP: 1/1
    69 | D:1      | Reached skill level 3 in Long Blades
    69 | D:1      | Gained mutation: You are partially covered in yellow
                  | scales. (AC +2) [demonic ancestry]
    69 | D:1      | Reached XP level 2. HP: 18/23 MP: 2/2
   222 | D:1      | You fall through a shaft!
   272 | D:2      | Reached skill level 1 in Stealth
   272 | D:2      | Reached XP level 3. HP: 18/28 MP: 3/3
   280 | D:2      | Found a burning altar of Makhleb.
   713 | D:2      | Reached skill level 1 in Armour
   713 | D:2      | Gained mutation: You have a pair of small antennae on your
                  | head. [demonic ancestry]
   713 | D:2      | Reached XP level 4. HP: 34/34 MP: 4/4
  1785 | D:3      | Noticed Grinder
  1795 | D:3      | Paralysed by Grinder for 3 turns
  1803 | D:3      | Killed Grinder
  1803 | D:3      | Reached skill level 4 in Long Blades
  1803 | D:3      | Gained mutation: A weak demonic guardian rushes to your
                  | aid. [demonic ancestry]
  1803 | D:3      | Reached XP level 5. HP: 7/41 MP: 5/5
  1803 | D:3      | Gained mutation: You have a pair of antennae on your head.
                  | [demonic ancestry]
  1803 | D:3      | Reached XP level 6. HP: 8/47 MP: 6/6
  2334 | D:3      | Reached skill level 5 in Long Blades
  2474 | D:3      | Found an ancient bone altar of Kikubaaqudgha.
  2733 | D:3      | HP: 2/47 [poisoned by a gnoll]
  3462 | D:4      | Reached XP level 7. HP: 48/52 MP: 7/7
  3783 | D:4      | Found a bloodstained altar of Trog.
  3784 | D:4      | Found an iron altar of Okawaru.
  3799 | D:4      | Became a worshipper of Warmaster Okawaru
  4224 | D:4      | Found a staircase to the Ecumenical Temple.
  4249 | D:4      | Found a hide-covered altar of Uskayaw.
  4637 | D:5      | Entered Level 5 of the Dungeon
  4720 | D:4      | Slain by a sky beast

Skill      XL: |  1  2  3  4  5  6 |
---------------+-------------------+-----
Long Blades    | 3 4 5 |  5.8
Stealth        | 1 |  1.8
Dodging        | 3 |  3.5
Armour         | 1 2 |  2.3
Fighting       | 3 |  3.6
Throwing       | |  1.8

Action                   |  1- 3 |  4- 6 |  7- 9 || total
-------------------------+-------+-------+-------++-------
Melee: Long sword        |    81 |   217 |    52 ||   350
  Use: Potion            |       |     1 |       ||     1
 Stab: Sleeping          |     3 |     4 |     1 ||     8
  Eat: Chunk             |       |     6 |     1 ||     7
       Ration            |       |     1 |     1 ||     2
Armor: Leather armour    |    28 |    71 |     6 ||   105
Dodge: Dodged            |    81 |   165 |    28 ||   274
       Rpst.: Long sword |    26 |    51 |     5 ||    82
